 Dungeon Crawl Stone Soup version 0.17-a0-1528-gfee3901 (webtiles) character file.

60 Kenran the Insei (level 4, -5/28 HPs)
             Began as a Tengu Monk on July 15, 2015.
             Was a Believer of Makhleb.
             Slain by an ogre
             ... wielding a +0 giant club
              (11 damage)
             ... on level 4 of the Dungeon.
             The game lasted 00:07:29 (2636 turns).

Kenran the Insei (Tengu Monk)                       Turns: 2636, Time: 00:07:29

Health: -5/28      AC:  2    Str: 11    XL:     4   Next: 6%
Magic:  5/5        EV: 14    Int: 10    God:    Makhleb [**....]
Gold:   118        SH:  0    Dex: 18    Spells: 0 memorised, 3 levels left

rFire  . . .     SeeInvis .       - Unarmed
rCold  . . .     Clarity  .     a - +0 robe
rNeg   . . .     SustAt   .     (no shield)
rPois  .         Gourm    .     (helmet restricted)
rElec  .         Spirit   .     (no cloak)
rCorr  .         Warding  .     (no gloves)
rMut   .         Stasis   .     (boots unavailable)
MR     .....                    (no amulet)
Stlth  ++........               (no ring)
                                (no ring)

@: not resistant to hostile enchantments, unstealthy
A: beak, talons 3
a: Minor Destruction, Renounce Religion


You were on level 4 of the Dungeon.
You worshipped Makhleb.
Makhleb was pleased with you.
You were not hungry.

You visited 1 branch of the dungeon, and saw 4 of its levels.

You collected 118 gold pieces.

Inventory:

Armour
 a - a +0 robe (worn)
Jewellery
 c - a +6 ring of protection {unknown}
Scrolls
 d - a scroll of fear {unknown}
 e - 2 scrolls of magic mapping
 g - 2 scrolls of enchant weapon {unknown}
 i - 2 scrolls of remove curse
 j - a scroll of teleportation {unknown}
 k - 2 scrolls of identify
Potions
 f - a potion of curing
 h - a potion of poison {unknown}
Comestibles
 b - 2 bread rations


   Skills:
 + Level 3.5 Fighting
 - Level 3.2 Dodging
 - Level 2.0 Stealth
 * Level 5.6 Unarmed Combat


You had 3 spell levels left.
You didn't know any spells.

Dungeon Overview and Level Annotations

Branches:
Dungeon (4/15)
 Temple: D:4-7

Altars:
Makhleb

Annotations:
D:4 Pikel


Innate Abilities, Weirdness & Mutations

You have a beak for a mouth.
You have claws for feet.


Message History

Things that are here:
2 poisoned needles; an uncursed dagger; a blowgun
Found 2 potions of curing.
You see here a poisoned needle.
A hobgoblin comes into view.
The ogre closely misses you.
Found a stone staircase leading down.
A worm comes into view.
A hobgoblin comes into view. It is wielding a club.
The hobgoblin closely misses you.
A hobgoblin comes into view. It is wielding a club.
There is a stone staircase leading down here.
The hobgoblin hits you. The ogre hits you with a giant club!
* * * LOW HITPOINT WARNING * * *
You climb downwards.
Level annotation: Pikel
Found 21 gold pieces.
There is a stone staircase leading up here.
The ogre hits you with a giant club!
You die...

#. ###.#
....# ....###
#.$..#####
#.$......####
#...O........
#...g@..#
#......##
#......#
#.......#
##.....##
#.....#
#......
.......#


You could see an ogre and a hobgoblin.

Vanquished Creatures
  A slave (D:3)
  3 adders (D:2)
  2 giant geckos
  5 bats
  10 hobgoblins
  5 kobolds
  A giant cockroach (D:1)
  A giant newt (D:1)
  A goblin (D:2)
  A quokka (D:2)
  2 rats
32 creatures vanquished.

Notes
Turn   | Place    | Note
--------------------------------------------------------------
     0 | D:1      | Kenran the Tengu Monk began the quest for the Orb.
     0 | D:1      | Reached XP level 1. HP: 14/14 MP: 2/2
   257 | D:1      | Reached XP level 2. HP: 17/19 MP: 3/3
   583 | D:1      | Reached skill level 5 in Unarmed Combat
   910 | D:2      | Reached XP level 3. HP: 10/23 MP: 4/4
  1121 | D:2      | Found a faded altar to an unknown god.
  1293 | D:2      | Found a burning altar of Makhleb.
  1339 | D:2      | Became a worshipper of Makhleb the Destroyer
  1339 | D:2      | Acquired Makhleb's first power
  1339 | D:2      | Acquired Makhleb's second power
  2315 | D:2      | Reached XP level 4. HP: 28/28 MP: 5/5
  2364 | D:3      | Noticed an ogre
  2371 | D:4      | Noticed a slave
  2372 | D:4      | Noticed a slave
  2373 | D:4      | Noticed Pikel
  2389 | D:4      | Noticed a slave
  2436 | D:3      | Killed a slave
  2636 | D:4      | Slain by an ogre

Vault maps used:
D:1:      dpeg_arrival_rooms_b, eino_curves_03
D:2:      nicolae_overflow_crystal_walls, ecumenical_altar_1
D:3:      hangedman_decor_peaks_small
D:4:      lemuel_doored_altar, grunt_gozag_breadcrumbs, first_bread,
          kennysheep_big_empty_room, led_sif_book, uniq_blork_the_orc,
          uniq_pikel, uniq_natasha

Action                   |  1- 3 |  4- 6 || total
-------------------------+-------+-------++-------
Melee: Unarmed           |    73 |    17 ||    90
  Use: Scroll            |     5 |       ||     5
       Potion            |       |     1 ||     1
 Stab: Sleeping          |     2 |       ||     2
  Eat: Meat ration       |     1 |       ||     1
       Chunk             |     1 |       ||     1
